Map: Frozen Temple

Players

Fropez - Winner!

  • Race: Protoss Protoss
  • League: Silver
  • Spawn Location: 11:00

rolo

  • Race: Protoss Protoss
  • League: Gold
  • Spawn Location: 5:00

VOD

Have the link to the VOD?

Description

Time

  • Played on: May 10, 2016, 11:30 a.m.
  • Length: 5:54
Show
View Real Time Build Order
Export as new Build Order

Fropez Protoss - Winner!

Build Orders:  

Get SALT Encoding   

  12  0:01  Probe (Chrono Boost)  
  13  0:19  Pylon  
  13  0:20  Probe (Chrono Boost)  
  14  0:26  Assimilator  
  14  0:31  Probe (Chrono Boost)  
  15  0:43  Gateway  
  15  0:45  Probe (Chrono Boost)  
  16  0:56  Probe (Chrono Boost)  
  17  1:06  Probe (Chrono Boost)  
  17  1:09  Gateway  
  18  1:14  Pylon  
  18  1:17  Probe (Chrono Boost)  
  19  1:33  Cybernetics Core  
  19  1:34  Probe (Chrono Boost)  
  20  1:46  Probe (Chrono Boost)  
  21  1:56  Probe (Chrono Boost)  
  22  2:07  Probe (Chrono Boost)  
  23  2:13  Stalker x2  
  27  2:15  Warp Gate (Chrono Boost)  
  27  2:22  Probe (Chrono Boost), Assimilator  
  28  2:33  Mothership Core (Chrono Boost)  
  31  2:51  Probe (Chrono Boost)  
  31  2:53  Pylon  
  31  2:54  Gateway  
  31  3:10  Nexus  
  31  3:11  Probe (Chrono Boost)  
  32  3:17  Stalker  
  34  3:22  Stalker  
  32  3:52  Probe  
  33  4:15  Probe  
  34  4:21  Pylon  
  34  4:28  Forge  
  34  4:36  Pylon  
  34  4:52  Pylon  
  34  4:59  Stalker x3  
  40  5:00  Probe  
  40  5:02  Probe  
  41  5:25  Gateway  
  35  5:37  Stalker x3  
  35  5:38  Probe  
  35  5:39  Probe  
Show
View Real Time Build Order
Export as new Build Order

rolo Protoss 

Build Orders: 1 Gate Expand 

Get SALT Encoding   

  12  0:03  Probe (Chrono Boost)  
  13  0:15  Pylon  
  13  0:18  Probe (Chrono Boost)  
  14  0:30  Probe (Chrono Boost)  
  15  0:35  Gateway  
  15  0:41  Probe (Chrono Boost)  
  16  0:47  Assimilator  
  16  0:55  Probe (Chrono Boost)  
  17  1:06  Probe (Chrono Boost)  
  18  1:17  Probe (Chrono Boost)  
  19  1:27  Cybernetics Core  
  19  1:43  Nexus  
  19  1:50  Probe (Chrono Boost)  
  19  1:51  Pylon  
  20  2:00  Probe (Chrono Boost), Assimilator  
  21  2:04  Warp Gate (Chrono Boost)  
  21  2:12  Mothership Core  
  23  2:33  Probe  
  23  2:35  Pylon, Stalker  
  26  2:45  Probe  
  26  2:51  Pylon  
  27  2:57  Probe, Stargate  
  27  2:58  Probe  
  29  3:11  Forge  
  29  3:12  Probe  
  30  3:24  Stalker  
  30  3:47  Mothership Core  
  30  3:59  Gateway  
  30  4:04  Oracle  
  33  4:11  Photon Cannon  
  33  4:16  Probe  
  33  4:17  Probe  
  35  4:28  Stalker  
  35  4:29  Probe  
  38  5:07  Stalker  
Tags
 
Matchup
PvP
Replay Pack
All Mines
Spawn Locations
Cross Positions
Add a new tag
Caveats
  • Supply blocks, unpowered buildings, or Contaminate may cause inaccurate times.
  • Supply counts are checked every 10 seconds.